 Dungeon Crawl Stone Soup version 0.31-a0-986-g5e6e4ef867 (webtiles) character file.

Game seed: 7136430266024504850

305 Demosthentine the Ducker (level 6, -11/47 HPs)
             Began as a Demonspawn Gladiator on Nov 8, 2023.
             Killed by divine providence
             ... invoked by an orc priest
              (16 damage)
             ... on level 6 of the Dungeon.
             The game lasted 00:02:30 (2656 turns).

Demosthentine the Ducker (Demonspawn Gladiator)     Turns: 2656, Time: 00:02:31

Health: -11/47     AC:  6    Str: 14 (16) XL:     6   Next: 15%
Magic:  6/6        EV: 13    Int:  8 (9)  God:
Gold:   197        SH:  0    Dex: 13 (15) Spells: 5/5 levels left

rFire   . . .        a - +1 trident
rCold   . . .        (no shield)
rNeg    . . .        b - +0 leather armour
rPois   .            c - +0 helmet
rElec   .            p - +1 cloak
rCorr   .            (no gloves)
SInv    .            (no boots)
Will    +....        i - amulet of magic regeneration
Stlth   +            (no ring)
HPRegen 0.27/turn    (no ring)
MPRegen 0.50/turn

%: no passive effects
@: enlightened, flying, invisible
A: hooves 1, sturdy frame 3
a: no special abilities


You were on level 6 of the Dungeon.
You visited 1 branch of the dungeon, and saw 4 of its levels.

You collected 197 gold pieces.

Inventory:

Hand Weapons
 a - a +1 trident (weapon)
Missiles
 e - a javelin
Armour
 b - a +0 leather armour (worn)
 c - a +0 helmet (worn)
 p - a +1 cloak (worn)
Jewellery
 i - an amulet of magic regeneration (around neck)
Wands
 t - a wand of iceblast (4)
Scrolls
 l - a scroll of fear
 m - 2 scrolls of identify
 q - a scroll of enchant weapon
 s - a scroll of noise {unknown}
Potions
 h - 4 potions of curing
 k - a potion of magic {unknown}
 n - a potion of degeneration
 o - a potion of mutation {unknown}
 r - a potion of might {unknown}


   Skills:
 + Level 3.6 Fighting
 + Level 3.9 Polearms
 - Level 1.7 Throwing
 + Level 2.5 Armour
 + Level 3.9 Dodging


You had 5 spell levels left.
You didn't know any spells.
Your spell library contained the following spells:

 Spells                   Type           Power      Damage    Failure   Level
 Chain Lightning          Conj/Air       0%         N/A       100%        9
 Fire Storm               Conj/Fire      0%         5d1       100%        9
 Shatter                  Erth           0%         3d5*      100%        9


Dungeon Overview and Level Annotations

Branches:
Dungeon (3/15)

Altars:
Ashenzari
Cheibriados
Makhleb
Nemelex Xobeh
Ru
Wu Jian
Yredelemnul

Shops:
D:3 ?

Annotations:
D:3 2 transporters, HilariousDeathArtist's ghost, amateur KoGl


Innate Abilities, Weirdness & Mutations

You have large cloven feet.
Your movements are significantly less encumbered by armour. (ER -6)


Message History

It was a potion of heal wounds.
You feel much better.
The orc warrior hits you with a +0 trident!
The orc priest hits you with a +1 heavy flail!
It was a potion of degeneration.
There was something very wrong with that liquid.
You feel weakened.
You feel dopey.
You feel clumsy.
The orc warrior hits you with a +0 trident.
You feel much better. The orc priest completely misses you.
The orc warrior barely misses you.
It was a potion of enlightenment.
You feel very buoyant.
You fly up into the air.
The orc priest invokes the aid of Beogh against you.
Beogh smites you!
The orc warrior hits you with a +0 trident!
* * * LOW HITPOINT WARNING * * *
It was a potion of invisibility.
You fade into invisibility!
The orc warrior closely misses you. The orc priest misses you.
You hit the orc warrior but do no damage.
You kick the orc warrior, but do no damage.
The orc warrior is moderately wounded.
The orc warrior hits you with a +0 trident!
* * * LOW HITPOINT WARNING * * *
You hit the orc priest.
You kick the orc priest, but do no damage.
The orc priest is moderately wounded.
The orc priest barely misses you.
Unknown command.
You hit the orc priest.
The orc priest is severely wounded.
The orc priest completely misses you. The orc warrior closely misses you.
Unknown command.
You hit the orc priest. Your kick misses the orc priest.
The orc priest is almost dead.
The orc warrior hits you with a +0 trident.
* * * LOW HITPOINT WARNING * * *
The orc priest calls down the wrath of Beogh upon you.
Beogh smites you!
You die...

### #..## #.
....# #.#
#######.⌠._# ..#
#.oo.#.....# #.#
#.#@.#....# #.#
#.##.'...8#
####.##
#.####....#
......########.#
#.....#
...............#
##.⌠._#
......##########
....# ......#
#..## ......#
### ....?.#


You could see an orc warrior (unable to see you) and an orc priest (unable to
see you).

Vanquished Creatures
  An ice beast (D:6)
  A phantom (D:3)
  5 adders
  A worm (D:2)
  3 dart slugs
  5 orcs
  9 ball pythons
  6 endoplasms
  3 giant cockroaches
  3 goblins
  8 hobgoblins
  6 jackals
  4 bats
  A frilled lizard (D:1)
  3 kobolds
  4 rats
63 creatures vanquished.

Notes
Turn   | Place    | Note
-------+----------+-------------------------------------------
     0 | D:1      | Demosthentine the Demonspawn Gladiator began the quest for
                  | the Orb.
     0 | D:1      | Reached XP level 1. HP: 16/16 MP: 1/1
    95 | D:1      | Gained mutation: Your movements are slightly less
                  | encumbered by armour. (ER -2) [demonic ancestry]
    95 | D:1      | Reached XP level 2. HP: 13/22 MP: 2/2
  1086 | D:2      | Reached skill level 1 in Armour
  1127 | D:2      | Gained mutation: You have large cloven feet. [demonic
                  | ancestry]
  1127 | D:2      | Reached XP level 3. HP: 24/28 MP: 3/3
  1519 | D:2      | Gained mutation: Your movements are less encumbered by
                  | armour. (ER -4) [demonic ancestry]
  1519 | D:2      | Reached XP level 4. HP: 34/34 MP: 4/4
  2127 | D:3      | Found a faded altar of an unknown god.
  2128 | D:3      | Noticed a phantom
  2148 | D:3      | Killed a phantom
  2149 | D:3      | Reached XP level 5. HP: 24/41 MP: 5/5
  2329 | D:3      | Found a basalt altar of Yredelemnul.
  2329 | D:3      | Found a burning altar of Makhleb.
  2337 | D:3      | Found a sparkling altar of Nemelex Xobeh.
  2339 | D:3      | Found a broken altar of Ashenzari.
  2341 | D:3      | Found a sacrificial altar of Ru.
  2383 | D:3      | Found a transporter.
  2385 | D:3      | Noticed HilariousDeathArtist's ghost (amateur KoGl)
  2387 | D:3      | Found a transporter.
  2464 | D:3      | Found Luropt's Magic Scroll Shop.
  2468 | D:3      | You fall into a shaft and drop 3 floors!
  2470 | D:6      | Noticed an ice beast
  2487 | D:6      | Killed an ice beast
  2488 | D:6      | Gained mutation: Your movements are significantly less
                  | encumbered by armour. (ER -6) [demonic ancestry]
  2488 | D:6      | Reached XP level 6. HP: 38/47 MP: 6/6
  2587 | D:6      | Noticed an orc warrior
  2608 | D:6      | Found a snail-covered altar of Cheibriados.
  2608 | D:6      | Found an ornate altar of the Wu Jian Council.
  2656 | D:6      | Killed from afar by an orc priest

Illustrated notes

Levels and vault maps discovered:
D:1:      erik_arrival_cave_to_civilisation [erik_arrival_cave_to_hall],
          layout_basic, feat_on_display
D:2:      layout_basic, nicolae_half_adder
D:3:      layout_basic, chequers_temple_overflow_minitemple,
          ebering_ecumenical_altar_box, serial_shops, shop,
          gammafunk_ghost_arena
D:6:      layout_loops_ring, gammafunk_temple_overflow_pools,
          minmay_temple_entry_overgrown, serial_shops, shop, uniq_duvessa

Skill      XL: |  1  2  3  4 |
---------------+-------------+-----
Dodging        | 3 |  3.9
Polearms       | 3 |  3.9
Armour         | 1 2 |  2.5
Fighting       | 3 |  3.6
Throwing       | |  1.7

Action                     |  1- 3 |  4- 6 || total
---------------------------+-------+-------++-------
  Melee: Trident           |   125 |    97 ||   222
         Punch             |     1 |       ||     1
         Kick              |     6 |    24 ||    30
  Throw: Throwing net      |       |     4 ||     4
    Use: Scroll            |     3 |     3 ||     6
         Potion            |       |     5 ||     5
   Stab: Held in net/web   |       |     3 ||     3
 Armour: Leather armour    |    49 |    34 ||    83
  Dodge: Dodged            |    81 |    54 ||   135

Table legend: (Time is in decaauts)
 A = Elapsed time spent in this place.
 B = Non-inter-level travel time spent in this place.
 C = Inter-level travel time spent in this place.
 D = Time resting spent in this place.
 E = Time spent auto-exploring this place.
 F = Levels seen in this place.
 G = Mean time per level.
                   A        B        C        D        E       F      G
               +--------+--------+--------+--------+--------+-----+--------+
         Total |   2685 |   2634 |     51 |    123 |   1994 |   4 |  671.2 |
       Dungeon |   2685 |   2634 |     51 |    123 |   1994 |   4 |  671.2 |
               +--------+--------+--------+--------+--------+-----+--------+

Top non-repeatable levels by time:
     D:1: 1082 daAuts
     D:2: 979 daAuts
     D:3: 433 daAuts
     D:6: 190 daAuts
